 Dungeon Crawl Stone Soup version 0.26-a0-835-g8259106e14 (webtiles) character file.

Game seed: 4186926941671032080

338 pablito the Insei (level 6, -1/41 HPs)
             Began as an Octopode Transmuter on Nov 17, 2020.
             Was an Initiate of Wu Jian.
             Slain by a sky beast (3 damage)
             ... on level 4 of the Dungeon.
             The game lasted 00:12:58 (2697 turns).

pablito the Insei (Octopode Transmuter)             Turns: 2697, Time: 00:12:58

Health: -1/41      AC:  1    Str:  6 (9)  XL:     6   Next: 55%
Magic:  10/10      EV: 18    Int: 13 (16) God:    Wu Jian [......]
Gold:   252        SH:  0    Dex: 11 (14) Spells: 7/11 levels left

rFire    . . .     SeeInvis +     - Unarmed
rCold    . . .     Faith    .   (no shield)
rNeg     . . .     Spirit   .   (helmet restricted)
rPois    .         Reflect  .   b - amulet of regeneration
rElec    .         Harm     .   k - ring of see invisible
rCorr    .         Rampage  .   l - ring of flight
MR       .....                  w - +4 ring of evasion
Stlth    ++........             (no ring)
HPRegen  0.53/turn              (no ring)
MPRegen  0.12/turn              (no ring)
                                (no ring)
                                (no ring)

@: no status effects
A: almost no armour, stealthy swim, amphibious, 8 rings, constrict 8, camouflage
1, gelatinous body 1
a: Renounce Religion, Evoke Flight


You were on level 4 of the Dungeon.
You worshipped Wu Jian.
Wu Jian was noncommittal.
You visited 1 branch of the dungeon, and saw 4 of its levels.

You collected 252 gold pieces.

Inventory:

Hand Weapons
 a - a +0 hunting sling
Missiles
 c - 234 stones (quivered)
 p - 31 poisoned darts
 q - 7 boomerangs of dispersal
Jewellery
 b - an amulet of regeneration (around mantle)
 k - a ring of see invisible (left tentacle)
 l - a ring of flight (right tentacle)
 w - a +4 ring of evasion (on tentacle)
Scrolls
 d - 5 scrolls of enchant armour
 e - 4 scrolls of remove curse
 g - a scroll of magic mapping {unknown}
 i - 4 scrolls of identify {unknown}
 j - a scroll of fog {unknown}
 o - 5 scrolls of teleportation {unknown}
 r - a scroll of amnesia {unknown}
 u - a scroll of enchant weapon {unknown}
 v - a scroll of blinking {unknown}
Potions
 f - a potion of curing {unknown}
 h - a potion of berserk rage {unknown}
 m - a potion of resistance {unknown}
 n - a potion of flight {unknown}
 s - 2 potions of heal wounds {unknown}
 t - 2 potions of degeneration
 x - a potion of magic {unknown}
 z - a potion of haste {unknown}
 A - a potion of might {unknown}


   Skills:
 + Level 2.4 Fighting
 + Level 1.5 Throwing
 + Level 3.1 Dodging
 * Level 4.6 Unarmed Combat
 + Level 3.0 Spellcasting
 + Level 3.1 Transmutations


You had 7 spell levels left.
You knew the following spells:

 Your Spells              Type           Power        Failure   Level
a - Beastly Appendage     Tmut           ##....       6%          1
b - Spider Form           Tmut/Pois      #.........   34%         3

Your spell library contained the following spells:

 Spells                   Type           Power        Failure   Level
 Wereblood                Tmut           ##......     10%         2
 Ice Form                 Ice/Tmut       #.......     75%         4
 Blade Hands              Tmut           ##........   86%         5


Dungeon Overview and Level Annotations

Branches:
Dungeon (4/15)
 Temple: D:4-7

Altars:
Ashenzari
Fedhas
Gozag
Makhleb
Nemelex Xobeh
Wu Jian


Innate Abilities, Weirdness & Mutations

You cannot wear most types of armour.
You are very stealthy in the water. (Stealth+)
You are amphibious.
You can wear up to eight rings at the same time.
You can use your tentacles to constrict eight enemies at once.
Your skin changes colour to match your surroundings (Stealth+).
Your rubbery body absorbs attacks. (AC +1, EV +1)


Message History

The sky beast completely misses you.
You barely miss the sky beast.
The sky beast is almost dead.
The sky beast hits you. The sky beast shocks you.
You tentacle-slap the sky beast.
The sky beast is almost dead.
The sky beast hits you. The sky beast shocks you.
* * * LOW HITPOINT WARNING * * *
You tentacle-slap the sky beast.
You tentacle-slap the sky beast, but do no damage.
The sky beast is almost dead.
The sky beast hits you.
* * * LOW HITPOINT WARNING * * *
The sky beast shocks you.
* * * LOW HITPOINT WARNING * * *
It was a potion of degeneration.
There was something very wrong with that liquid.
You feel weakened.
You feel dopey.
You feel clumsy. The sky beast hits you.
You die...

..........########
..................
..........#####...
.####..).....#
##.#####.# #.# #.#
##'## #.@.#
#...Y.[# #.......#
...........
..+.......#### #
#........
##.....>##
##......


You could see a sky beast.

Vanquished Creatures
  A centaur (D:3)
  2 hounds
  Jessica (D:3)
  A mummy (D:4)
  3 gnolls (D:4)
  4 adders
  An adder skeleton (D:4)
  A worm (D:2)
  3 dart slugs
  3 leopard geckos
  An orc (D:3)
  A ball python (D:3)
  11 bats
  4 giant cockroaches
  11 goblins
  8 hobgoblins
  2 jackals (D:2)
  5 kobolds
  4 quokkas
  7 frilled lizards
  A hobgoblin zombie (D:4)
  2 kobold zombies (D:4)
  An orc zombie (D:4)
  5 rats
83 creatures vanquished.

Notes
Turn   | Place    | Note
-------+----------+-------------------------------------------
     0 | D:1      | pablito the Octopode Transmuter began the quest for the
                  | Orb.
     0 | D:1      | Reached XP level 1. HP: 13/13 MP: 3/3
   109 | D:1      | Reached XP level 2. HP: 8/18 MP: 3/5
   647 | D:1      | Reached XP level 3. HP: 23/23 MP: 6/6
  1012 | D:2      | Found a broken altar of Ashenzari.
  1145 | D:2      | Found a burning altar of Makhleb.
  1154 | D:2      | Reached XP level 4. HP: 24/28 MP: 7/7
  1275 | D:2      | Found a blossoming altar of Fedhas.
  1275 | D:2      | Found a sparkling altar of Nemelex Xobeh.
  1276 | D:2      | Found a burning altar of Makhleb.
  1419 | D:3      | Noticed a centaur
  1436 | D:3      | Killed a centaur
  1437 | D:3      | Reached skill level 1 in Throwing
  1437 | D:3      | Reached skill level 4 in Unarmed Combat
  1437 | D:3      | Reached XP level 5. HP: 15/34 MP: 6/9
  1659 | D:3      | Found an opulent altar of Gozag.
  1785 | D:3      | Found a sparkling altar of Nemelex Xobeh.
  1785 | D:3      | Noticed Jessica
  1790 | D:3      | Killed Jessica
  1791 | D:3      | Reached XP level 6. HP: 32/39 MP: 8/10
  1797 | D:3      | Learned a level 3 spell: Spider Form
  2367 | D:4      | Found an ornate altar of the Wu Jian Council.
  2538 | D:4      | Became a worshipper of the Wu Jian Council
  2680 | D:4      | Noticed a sky beast
  2696 | D:4      | HP: 1/41 [sky beast (5)]
  2697 | D:4      | Slain by a sky beast

Illustrated notes

Levels and vault maps discovered:
D:1:      dpeg_arrival_shrine, layout_rooms, grunt_decor_clamped,
          columned_hall_lemuel
D:2:      layout_rooms, ashenzari_conservatory_becter,
          gammafunk_temple_overflow_claw, makhleb_heckhound_becter
D:3:      minmay_razor_zed, layout_rooms, nicolae_gozag_seed_capital,
          nemelex_lonely_heart_becter
D:4:      layout_loops_corners, nicolae_overflow_crystal_walls,
          serial_co_window_serial, co_window_of_opportunity_a,
          co_window_paths_a, co_window_of_opportunity_a, co_window_corner_a,
          co_window_paths_b, co_window_broadway_c, co_window_corner_b,
          co_window_corner_ca, co_window_corner_ca, co_window_paths_c,
          co_window_paths_c, co_window_unsneaky_path_b, glass_columns_b,
          glass_columns_a, minmay_mini_ossuary

Skill      XL: |  1  2  3  4  5  6 |
---------------+-------------------+-----
Throwing       | 1 |  1.5
Unarmed Combat | 4 |  4.6
Fighting       | 2 |  2.4
Dodging        | 3 |  3.1
Transmutations | 3 |  3.1
Spellcasting   | 3 |  3.0

Action                   |  1- 3 |  4- 6 || total
-------------------------+-------+-------++-------
Melee: Unarmed           |    71 |   135 ||   206
       Constrict         |    27 |    32 ||    59
       Tentacles         |    14 |    13 ||    27
       Kick              |       |     8 ||     8
       Punch             |       |     8 ||     8
 Fire: Hunting sling     |    22 |       ||    22
Throw: Stone             |    17 |       ||    17
 Cast: Beastly Appendage |     1 |     4 ||     5
       Spider Form       |       |     2 ||     2
Invok: Lunge             |       |     3 ||     3
  Use: Scroll            |       |     2 ||     2
       Potion            |       |     1 ||     1
 Stab: Sleeping          |       |     7 ||     7
Armor: Skin              |     7 |    10 ||    17
Dodge: Dodged            |    63 |    96 ||   159

Table legend: (Time is in decaauts)
 A = Elapsed time spent in this place.
 B = Non-inter-level travel time spent in this place.
 C = Inter-level travel time spent in this place.
 D = Time resting spent in this place.
 E = Time spent auto-exploring this place.
 F = Levels seen in this place.
 G = Mean time per level.
                   A        B        C        D        E       F      G
               +--------+--------+--------+--------+--------+-----+--------+
         Total |   2681 |   2584 |     97 |    117 |   1603 |   4 |  670.2 |
       Dungeon |   2681 |   2584 |     97 |    117 |   1603 |   4 |  670.2 |
               +--------+--------+--------+--------+--------+-----+--------+

Top non-repeatable levels by time:
     D:3: 959 daAuts
     D:1: 763 daAuts
     D:2: 534 daAuts
     D:4: 424 daAuts
